 Dungeon Crawl Stone Soup version 0.31.0-1-g2c135a0 (webtiles) character file.

Game seed: 5043258158478050267

36 bonegar the Sneak (level 3, 0/28 HPs)
             Began as a Naga Enchanter on Feb 18, 2024.
             Succumbed to an adder's poison
             ... on level 2 of the Dungeon.
             The game lasted 00:07:24 (1140 turns).

bonegar the Sneak (Naga Enchanter)                  Turns: 1140, Time: 00:07:24

Health: 0/28       AC:  2    Str: 10    XL:     3   Next: 37%
Magic:  1/6        EV: 10    Int: 15    God:
Gold:   178        SH:  0    Dex: 13    Spells: 4/6 levels left

rFire   . . .        a - +1 dagger
rCold   . . .        (no shield)
rNeg    . . .        b - +0 robe
rPois   +            (no helmet)
rElec   .            (no cloak)
rCorr   .            (no gloves)
SInv    +            (no barding)
Will    .....        (no amulet)
Stlth   +++          (no ring)
HPRegen 0.24/turn    (no ring)
MPRegen 0.10/turn

%: no passive effects
@: lethally poisoned (0 -> -1), invisible, very slow
A: AC +1, large, see invisible, deformed body, poison resistance, slowness 2,
spit poison 1, naga tail 1
a: Spit Poison


You were on level 2 of the Dungeon.
You visited 1 branch of the dungeon, and saw 2 of its levels.

You collected 178 gold pieces.

Inventory:

Hand Weapons
 a - a +1 dagger (weapon)
 h - a +0 rapier of protection
 i - a +1 heavy war axe
Armour
 b - a +0 robe (worn)
 e - a +0 helmet
Scrolls
 d - a scroll of identify {unknown}
 f - a scroll of amnesia {unknown}
 g - a scroll of enchant armour {unknown}
 j - 2 scrolls of teleportation {unknown}


   Skills:
 + Level 1.6 Short Blades
 + Level 1.9 Dodging
 + Level 4.9 Stealth
 + Level 2.3 Spellcasting
 + Level 3.2 Hexes


You had 4 spell levels left.
You knew the following spells:

 Your Spells              Type           Power      Damage    Failure   Level
a - Ensorcelled Hibernat  Hex/Ice        12%        N/A       17%         2

Your spell library contained the following spells:

 Spells                   Type           Power      Damage    Failure   Level
 Confusing Touch          Hex            11%        N/A       17%         3
 Tukima's Dance           Hex            11%        N/A       17%         3
 Dazzling Flash           Conj/Hex       12%        N/A       32%         3


Dungeon Overview and Level Annotations

Branches:
Dungeon (2/15)

Altars:


Innate Abilities, Weirdness & Mutations

Your serpentine skin is tough. (AC +1)
You have supernaturally acute eyesight. (SInv)
Armour fits poorly on your strangely shaped body.
Your system is resistant to poisons. (rPois)
You cover ground very slowly.
You can spit poison.
You have a snake-like lower body.


Message History

Confirm with . or Enter, or press ? or * to list all spells.
Aiming: Ensorcelled Hibernation (safe; 17% risk of failure)
Press: ? - help, Shift-Dir - straight line, f/p - adder
Aim: an adder (chance to affect: 49%)
You miscast Ensorcelled Hibernation.
You are very lightly contaminated with residual magic.
Nothing appears to happen.
The adder bites you.
You are poisoned.
The adder poisons you!
You miss the adder.
You feel sick. The adder bites you. x2
You are more poisoned.
The adder poisons you!
You barely miss the adder.
You feel very sick. The adder completely misses you.
You closely miss the adder.
You feel sick. The adder barely misses you.
You closely miss the adder.
You feel sick. The adder barely misses you.
Casting: Ensorcelled Hibernation (safe; 17% risk of failure)
Confirm with . or Enter, or press ? or * to list all spells.
Aiming: Ensorcelled Hibernation (safe; 17% risk of failure)
Press: ? - help, Shift-Dir - straight line, f/p - adder
Aim: an adder (chance to affect: 49%)
The adder resists with some effort.
You feel sick. The adder bites you.
You hit the adder but do no damage.
You feel sick. The adder bites you but does no damage. The adder bites you.
* * * LOW HITPOINT WARNING * * *
You closely miss the adder.
You feel sick. The adder bites you.
* * * LOW HITPOINT WARNING * * *
Your magical contamination has completely faded away.
You fade into invisibility!
You feel sick. The adder bites you.
* * * LOW HITPOINT WARNING * * *
You hit the adder but do no damage.
* * * LOW HITPOINT WARNING * * *
You feel sick. The adder barely misses you.
You hit the adder but do no damage.
* * * LOW HITPOINT WARNING * * *
You feel sick. The adder barely misses you. The adder closely misses you.
You miss the adder.
You die...

...<#........†.###..## #
.............#.##.....##
...#.........#..#.###.#.
....#...#...............
...............#........
<...............##......
#...............#.#.....
###..............#.##...
####..S@..........##.#..
..................#.#.##
##########.#.......#.##.
...#........##..
######...........
#...........
#.......##..
#......#.##.
##....#.#.##


You could see an adder (unable to see you).

Vanquished Creatures
  A ribbon worm (D:2)
  2 endoplasms (D:1)
  3 giant cockroaches (D:1)
  2 hobgoblins (D:1)
  6 jackals (D:1)
  3 kobolds (D:1)
  4 quokkas (D:1)
  A ball python (D:2)
  2 bats (D:1)
  2 frilled lizards (D:1)
  2 goblins (D:1)
  A rat (D:1)
29 creatures vanquished.

Notes
Turn   | Place    | Note
-------+----------+-------------------------------------------
     0 | D:1      | bonegar the Naga Enchanter began the quest for the Orb.
     0 | D:1      | Reached XP level 1. HP: 15/15 MP: 3/3
   191 | D:1      | Reached XP level 2. HP: 22/22 MP: 5/5
   194 | D:1      | Learned a level 2 spell: Ensorcelled Hibernation
   696 | D:1      | Reached XP level 3. HP: 16/28 MP: 2/6
  1139 | D:2      | HP: 1/28 [poisoned by an adder]
  1140 | D:2      | Succumbed to an adder's poison

Illustrated notes

Levels and vault maps discovered:
D:1:      roderic_chinese_lattice_arrival, layout_loops_ring, patterned_corridor
D:2:      layout_rooms, minmay_misc_feat_secret_circle,
          nicolae_figureground_sparkle

Action                     || total
---------------------------++-------
  Melee: Dagger            ||    94
   Cast: Ensorcelled Hiber ||     7
    Use: Potion            ||     2
   Stab: Sleeping          ||    11
         Invisible         ||     7
 Armour: Robe              ||    59
  Dodge: Dodged            ||    48
